 Dungeon Crawl Stone Soup version bcrawl-1.40.3b (webtiles) character file.

Game seed: 13114977340278876545

255710 iceDog the Bolt Thrower (level 8, -4/70 HPs)
             Began as a Minotaur Hunter on Feb 10, 2024.
             Slain by a troll (7 damage)
             ... on level 5 of the Dungeon.
             The game lasted 00:19:48 (4396 turns).

iceDog the Bolt Thrower (Minotaur Hunter)           Turns: 4396, Time: 00:19:48

Health: -4/70      AC:  8    Str: 19    XL:     8   Next: 19%
Magic:  7/7        EV: 12    Int: 10    God:
Gold:   278        SH:  0    Dex: 11    Spells: 7/7 levels left

rFire    . . .     GDR:     28% w - +5 falchion
rCold    . . .     SeeInvis .   (no shield)
rNeg     . . .     Gourm    .   e - +0 scale mail
rPois    .         Faith    .   (helmet restricted)
rElec    .         Spirit   .   (no cloak)
rCorr    .         Reflect  .   h - +0 pair of gloves
MR       +....                  (no boots)
Stlth    ..........             (no amulet)
HPRegen  0.21/turn              C - ring "Demun" {*Contam +Inv Int+2 Stlth--}
MPRegen  0.10/turn              o - ring of protection from magic

@: very slightly contaminated
A: retaliatory headbutt, horns 2
a: Evoke Invisibility


You were on level 5 of the Dungeon.
You were near starving.

You visited 1 branch of the dungeon, and saw 5 of its levels.
You also visited: Ossuary.

You collected 425 gold pieces.
You spent 147 gold pieces at shops.

Inventory:

Hand Weapons
 a - a +1 hand crossbow
 d - a +4 hunting sling of velocity
 s - a +2 dagger of venom
 w - a +5 falchion (weapon)
Missiles
 u - 241 poisoned tomahawks (quivered)
 y - 163 bolts
 A - 153 sling bullets
Armour
 c - a +0 leather armour
 e - a +0 scale mail (worn)
 h - a +0 pair of gloves (worn)
Jewellery
 o - a ring of protection from magic (right hand)
 p - an uncursed ring of ice
 C - the ring "Demun" (left hand) {*Contam +Inv Int+2 Stlth--}
   (You found it on level 4 of the Dungeon)

   [ring of attention]

   It affects your intelligence (+2).
   It lets you turn invisible.
   It causes magical contamination when unequipped.
   It makes you much less stealthy.
Wands
 x - a wand of polymorph (6)
 I - a wand of disintegration (20)
 J - a wand of iceblast (6)
Scrolls
 g - 3 scrolls of teleportation
 i - 2 scrolls of identify
 k - a scroll of remove curse
 l - 3 scrolls of enchant armour
 t - 2 scrolls of fog
 B - 2 scrolls of noise
 H - a scroll of enchant weapon
Potions
 f - a potion of flight {unknown}
 j - a potion of haste {unknown}
 m - a potion of ambrosia
 n - 2 potions of heal wounds
 r - 2 potions of degeneration
 v - a potion of mutation {unknown}
 z - 2 potions of curing
 E - a potion of brilliance {unknown}
 F - a potion of agility {unknown}
 G - a potion of magic {unknown}
Comestibles
 b - 7 rations {!d}
 q - 3 chunks of flesh


   Skills:
 + Level 6.2 Fighting
 + Level 7.0 Crossbows
 + Level 5.6 Armour
 + Level 5.7 Dodging
 - Level 0.8 Stealth


You had 7 spell levels left.
You didn't know any spells.
Your spell library was empty.

Dungeon Overview and Level Annotations

Branches:
Dungeon (5/12)             Temple (0/1) D:5

Altars:

Shops:
D:5 }


Innate Abilities, Weirdness & Mutations

You reflexively headbutt those who attack you in melee.
You have a pair of horns on your head.


Message History

You headbutt the troll, but do no damage.
The troll claws you. x2
Throwing (i - inventory)
u - 243 poisoned tomahawks (quivered)
Press: ? - help, Shift-Dir - straight line, f/p - troll
Aim: a troll (lightly wounded, poisoned)
You throw a poisoned tomahawk.
The poisoned tomahawk closely misses the troll.
The troll bites you. The troll claws you. The troll claws you!
Throwing (i - inventory)
u - 242 poisoned tomahawks (quivered)
Press: ? - help, Shift-Dir - straight line, f/p - troll
Aim: a troll (moderately wounded, poisoned)
You are near starving!
You throw a poisoned tomahawk.
The poisoned tomahawk barely misses the troll.
The troll bites you! The troll barely misses you. The troll claws you.
* * * LOW HITPOINT WARNING * * *
The troll bites you!
* * * LOW HITPOINT WARNING * * *
The troll closely misses you. The troll claws you!
You die...

##### ## ###
....# .# #..
...# .# #.##
###..# .# #..
....# .# #.#
#..# .####.#
#.@# ...)..#
#.T# .###..#
#..# ## ##.#
#..# # #.# #..#
#.# #..#
#.#########..#
#............###
##.#.##.........


You could see a troll.

Vanquished Creatures
  9 scorpions
  A howler monkey (D:4)
  An orc priest (D:3)
  2 crimson imps
  A bullfrog zombie (D:4)
  2 hounds
  2 human zombies (Ossuary)
  Ijyb (D:3)
  4 worker ants
  4 kobold zombies (Ossuary)
  3 mummies (Ossuary)
  A worker ant zombie (D:3)
  6 scorpion zombies (Ossuary)
  6 adders
  A shadow imp (D:4)
  2 oozes
  2 worms (D:3)
  3 leopard geckos
  9 orcs
  A giant cockroach (D:3)
  4 goblins
  5 hobgoblins
  10 jackals
  3 quokkas
  A ball python (D:2)
  3 bats
  4 frilled lizards
  3 gnoll zombies (Ossuary)
  3 goblin zombies
  2 hobgoblin zombies (Ossuary)
  9 kobolds
  2 orc zombies (Ossuary)
  A quokka zombie (D:4)
  2 rats (D:1)
113 creatures vanquished.

Notes
Turn   | Place    | Note
-------+----------+-------------------------------------------
     0 | D:1      | iceDog the Minotaur Hunter began the quest for the Orb.
     0 | D:1      | Reached XP level 1. HP: 18/18 MP: 0/0
   139 | D:1      | Reached XP level 2. HP: 25/25 MP: 1/1
   278 | D:1      | Reached skill level 1 in Armour
  1249 | D:2      | Reached XP level 3. HP: 24/30 MP: 2/2
  1835 | D:3      | Reached XP level 4. HP: 26/38 MP: 3/3
  1917 | D:3      | Reached skill level 5 in Crossbows
  1977 | D:3      | Reached XP level 5. HP: 9/46 MP: 4/4
  2137 | D:3      | Noticed Ijyb
  2202 | D:3      | Killed Ijyb
  2614 | D:4      | Got a brightly glowing lead ring
  2635 | D:4      | Identified the ring "Demun" {*Contam +Inv Int+2 Stlth--}
                  | (You found it on level 4 of the Dungeon)
  2713 | D:4      | Reached XP level 6. HP: 53/53 MP: 5/5
  2817 | D:4      | Found a sand-covered staircase.
  2827 | D:4      | Reached skill level 6 in Crossbows
  2843 | Ossuary  | Entered an ossuary
  2915 | Ossuary  | Reached skill level 5 in Fighting
  2915 | Ossuary  | Reached XP level 7. HP: 61/61 MP: 6/6
  3065 | Ossuary  | Reached skill level 5 in Dodging
  3230 | Ossuary  | Reached skill level 5 in Armour
  3448 | Ossuary  | Reached XP level 8. HP: 47/70 MP: 7/7
  4250 | D:5      | Entered Level 5 of the Dungeon
  4296 | D:5      | Reached skill level 7 in Crossbows
  4337 | D:5      | Found Bufu's Gadget Boutique.
  4343 | D:5      | Bought a wand of iceblast (6) for 147 gold pieces
  4363 | D:5      | Noticed a troll
  4364 | D:5      | Found a staircase to the Ecumenical Temple.
  4396 | D:5      | HP: 3/70 [troll (13)]
  4396 | D:5      | Slain by a troll

Skill      XL: |  1  2  3  4  5  6  7  8 |
---------------+-------------------------+-----
Armour         | 1 2 3 4 5 |  5.6
Fighting       | 3 4 5 6 |  6.2
Dodging        | 3 4 5 |  5.7
Crossbows      | 5 6 7 |  7.0
Stealth        | |  0.8

Action                   |  1- 3 |  4- 6 |  7- 9 || total
-------------------------+-------+-------+-------++-------
Melee: Short sword       |    49 |     4 |       ||    53
       Headbutt          |     3 |     7 |    15 ||    25
       Dagger            |       |    15 |       ||    15
       Unarmed           |       |    17 |       ||    17
       Falchion          |       |    38 |    90 ||   128
 Fire: Hand crossbow     |    53 |    24 |       ||    77
       Hunting sling     |       |    51 |    63 ||   114
Throw: Tomahawk          |       |     2 |     3 ||     5
  Use: Scroll            |       |    10 |     7 ||    17
       Potion            |       |       |     1 ||     1
  Eat: Chunk             |     4 |    10 |     7 ||    21
Armor: Leather armour    |    17 |     9 |       ||    26
       Scale mail        |       |    25 |    29 ||    54
       Skin              |       |     3 |       ||     3
Dodge: Dodged            |    38 |    80 |    53 ||   171
